[Event "Team 45 45 League T70"]
[Site "Internet Chess Club"]
[Date "2016.09.11"]
[Round "1"]
[White "Knight77"]
[Black "lacibacsi"]
[Result "0-1"]
[WhiteElo "1778"]
[BlackElo "2050"]
[Opening "Réti: King's Indian attack"]
[ECO "A05"]
[Time "13:01:01"]
[TimeControl "2700+45"]

1. Nf3 Nf6 2. g3 g6 3. Bg2 Bg7 4. d3 O-O 5. O-O d6 6. Nbd2 Nc6 7. e4 e5 8. Re1
Be6 9. h3 h6 10. Nf1 Qd7 11. g4 h5 12. g5 Nh7 13. h4 f6 14. Ng3 fxg5 15. Nxg5
Nxg5 16. Bxg5 Bf6 17. Qd2 Qe7 18. c3 Bxg5 19. hxg5 h4 20. Ne2 h3 21. Bh1 Qh7 22.
f4 h2+ 23. Kg2 Qh3+ 24. Kf2 Qh4+ 25. Ke3 exf4+ {White resigns} 0-1

[Event "Team 45 45 League T70"]
[Site "Internet Chess Club"]
[Date "2016.09.10"]
[Round "1"]
[White "Tobiasdelmonte"]
[Black "Capt-Morgan"]
[Result "0-1"]
[WhiteElo "1687"]
[BlackElo "1918"]
[Opening "Queen's Indian defense"]
[ECO "A47"]
[Time "21:30:36"]
[TimeControl "2700+45"]

1. d4 Nf6 2. Nf3 b6 3. Bf4 Bb7 4. e3 e6 5. Bd3 c5 6. c3 Be7 7. Nbd2 O-O 8. h4 d6
9. Qc2 Ba6 10. c4 cxd4 11. exd4 Nc6 12. a3 Re8 13. O-O-O d5 14. Kb1 Rc8 15. Qa4
Na5 16. Rc1 dxc4 17. Nxc4 Bxc4 18. Bxc4 Nxc4 19. Rxc4 Rxc4 20. Qxc4 Qd5 21. Rc1
Qe4+ 22. Ka1 Qxf4 23. Qc6 Kf8 24. Qb7 Qxc1+ {White resigns} 0-1

[Event "Team 45 45 League T70"]
[Site "Internet Chess Club"]
[Date "2016.09.11"]
[Round "1"]
[White "nidusin2"]
[Black "cityprosecutor"]
[Result "1/2-1/2"]
[WhiteElo "1596"]
[BlackElo "1732"]
[Opening "King's Indian, 3.Nf3"]
[ECO "E60"]
[Time "20:01:20"]
[TimeControl "2700+45"]

1. d4 Nf6 2. Nf3 g6 3. c4 c5 4. e3 Bg7 5. Nc3 O-O 6. Bd3 d5 7. O-O cxd4 8. exd4
Nc6 9. a3 Bg4 10. h3 Bxf3 11. Qxf3 Nxd4 12. Qd1 dxc4 13. Bxc4 Rc8 {Game drawn by
mutual agreement} 1/2-1/2

[Event "Team 45 45 League T70"]
[Site "Internet Chess Club"]
[Date "2016.09.09"]
[Round "1"]
[White "passedpawn"]
[Black "santiagoelawad"]
[Result "1/2-1/2"]
[WhiteElo "1900"]
[BlackElo "2040"]
[Opening "Queen's bishop game"]
[ECO "D02"]
[Time "20:01:14"]
[TimeControl "2700+45"]

1. d4 Nf6 2. Nf3 d5 3. Bf4 Bf5 4. e3 e6 5. Bd3 Bg6 6. O-O Bd6 7. Ne5 O-O 8. Nxg6
hxg6 9. Bg3 c5 10. c3 cxd4 11. cxd4 Nc6 12. Nc3 Bxg3 13. hxg3 a6 14. Rc1 Qd6 15.
Qe2 Rfc8 16. Na4 Nd7 17. Qd2 Nb4 18. Bb1 b5 19. Nc5 a5 20. Nxd7 Qxd7 21. Rxc8+
Rxc8 22. Rc1 Rxc1+ 23. Qxc1 Qc6 24. Qxc6 {Game drawn by mutual agreement}
1/2-1/2

[Event "Team 45 45 League T70"]
[Site "Internet Chess Club"]
[Date "2016.09.09"]
[Round "1"]
[White "PoisonPawn"]
[Black "spongenotbob"]
[Result "1-0"]
[WhiteElo "2082"]
[BlackElo "1876"]
[Opening "Caro-Kann: advance variation"]
[ECO "B12"]
[Time "19:32:58"]
[TimeControl "2700+45"]

1. e4 c6 2. d4 d5 3. e5 c5 4. dxc5 Nc6 5. a3 Nxe5 6. b4 Nf6 7. Bb2 Qc7 8. Nc3 e6
9. Bb5+ Bd7 10. Qe2 a6 11. Nxd5 Nxd5 12. Bxd7+ Nxd7 13. O-O-O O-O-O 14. Nf3 Qf4+
15. Kb1 a5 16. c6 N7b6 17. Rd4 Qc7 18. bxa5 Na8 19. cxb7+ Qxb7 20. a6 Nc3+ 21.
Ka1 Qxb2+ 22. Kxb2 Nxe2 23. Re4 Nb6 24. Rxe2 Na4+ 25. Kb3 Nc5+ 26. Kc4 f6 27.
Nd4 e5 28. Nc6 Rd6 29. a7 Kb7 30. Rb1+ {Black resigns} 1-0

[Event "Team 45 45 League T70"]
[Site "Internet Chess Club"]
[Date "2016.09.11"]
[Round "1"]
[White "qingjoshua"]
[Black "Portola"]
[Result "1-0"]
[WhiteElo "1763"]
[BlackElo "1733"]
[Opening "French: Tarrasch"]
[ECO "C03"]
[Time "16:00:37"]
[TimeControl "2700+45"]

1. e4 e6 2. d4 d5 3. Nd2 dxe4 4. Nxe4 Be7 5. Nf3 Nd7 6. Be2 Ngf6 7. Ng3 O-O 8.
O-O b6 9. c4 Bb7 10. Be3 c5 11. b3 Qc7 12. Qc2 Rad8 13. Rad1 a6 14. Qb2 Rfe8 15.
Ne5 cxd4 16. Bxd4 Nc5 17. Bf3 Bf8 18. Bxb7 Qxb7 19. Rfe1 b5 20. cxb5 Qxb5 21.
Nc4 Be7 22. Qe2 Rd5 23. Bxf6 Bxf6 24. Rxd5 {Black resigns} 1-0

[Event "Team 45 45 League T70"]
[Site "Internet Chess Club"]
[Date "2016.09.10"]
[Round "1"]
[White "armand068new"]
[Black "arnav07"]
[Result "1-0"]
[WhiteElo "1551"]
[BlackElo "1528"]
[Opening "Grünfeld with e3 & Bd3"]
[ECO "D94"]
[Time "17:00:22"]
[TimeControl "2700+45"]

1. d4 Nf6 2. e3 g6 3. c4 Bg7 4. Nc3 d5 5. Nf3 O-O 6. Bd3 Bg4 7. Bd2 Nc6 8. a3
Re8 9. h3 Be6 10. c5 h6 11. Qc2 Rc8 12. b4 Qd7 13. Bb5 Qd8 14. Ne5 Bd7 15. Nxd7
Qxd7 16. O-O-O a6 17. Bd3 e5 18. dxe5 Nxe5 19. Be1 c6 20. Na4 Nxd3+ 21. Rxd3 Qc7
22. Nb6 Nd7 23. Nxd7 Qxd7 24. Bc3 Bxc3 25. Qxc3 Re4 26. f3 Re7 27. Rhd1 Qc7 28.
Qd4 Qe5 29. Qh4 h5 30. Kb1 Rce8 31. Qf2 Qf5 32. g4 hxg4 33. hxg4 Qf6 34. Rh1 Kg7
35. Qh2 Kf8 36. Qh3 Rxe3 37. Rxe3 Rxe3 38. Qh6+ Qg7 39. Qxe3 {Black resigns} 1-0

[Event "Team 45 45 League T70"]
[Site "Internet Chess Club"]
[Date "2016.09.09"]
[Round "1"]
[White "f5"]
[Black "JJ12"]
[Result "0-1"]
[WhiteElo "2063"]
[BlackElo "2174"]
[Opening "Benkö gambit half accepted"]
[ECO "A57"]
[Time "17:01:02"]
[TimeControl "2700+45"]

1. d4 Nf6 2. c4 c5 3. d5 b5 4. cxb5 a6 5. b6 e6 6. Nc3 exd5 7. Nxd5 Nxd5 8. Qxd5
Nc6 9. Nf3 Be7 10. Bd2 O-O 11. Bc3 Qxb6 12. e3 Rb8 13. a3 d6 14. Bd3 Be6 15. Qh5
h6 16. g4 c4 17. Bc2 Qb5 18. Rg1 Qxh5 19. gxh5 f6 20. Nh4 Ne5 21. f4 f5 22. Ng6
Nxg6 23. Rxg6 Bf6 24. Bxf6 Rxf6 25. Rxf6 gxf6 26. O-O-O d5 27. Rg1+ Kf7 28. Rg6
d4 29. exd4 Rd8 30. Rxh6 Rxd4 31. Rh7+ Kf8 32. Ra7 Rxf4 33. Rxa6 Ke7 34. h6 Rh4
35. h7 Bd7 36. Ra7 Kd6 37. Ra6+ Ke5 38. Ra8 Rxh7 39. Ra7 Rg7 40. Ra5+ Kd4 41.
Ra6 Ke3 42. Bd1 f4 43. Kc2 Rg1 44. Bh5 Rg5 45. Bd1 Rd5 46. Kc1 f5 47. Rg6 f3 48.
Rg3 Rxd1+ 49. Kxd1 f4 {White resigns} 0-1

[Event "Team 45 45 League T70"]
[Site "Internet Chess Club"]
[Date "2016.09.10"]
[Round "1"]
[White "Monterrey"]
[Black "Pomberito"]
[Result "0-1"]
[WhiteElo "2004"]
[BlackElo "2075"]
[Opening "King's Indian: Kazakh variation"]
[ECO "E91"]
[Time "13:00:40"]
[TimeControl "2700+45"]

1. d4 Nf6 2. c4 g6 3. Nc3 Bg7 4. e4 d6 5. Nf3 O-O 6. Be2 Na6 7. O-O e5 8. Re1 c6
9. Be3 Ng4 10. Bg5 Qb6 11. Na4 Qc7 12. h3 h6 13. Bc1 Nf6 14. Nc3 Re8 15. d5 Nc5
16. Bf1 a5 17. b3 Nh5 18. Be3 Nf4 19. Rc1 f5 20. exf5 Bxf5 21. Nh4 Rf8 22. Nxf5
Rxf5 23. g3 Nd7 24. dxc6 bxc6 25. gxf4 exf4 26. Bd4 Bxd4 27. Qxd4 Ne5 28. Qe4
Raf8 29. Ne2 Qa7 30. h4 Rh5 31. Red1 Rxh4 32. Rxd6 Qe7 33. Rcd1 Qg5+ 34. Bg2 f3
{White resigns} 0-1

[Event "Team 45 45 League T70"]
[Site "Internet Chess Club"]
[Date "2016.09.11"]
[Round "1"]
[White "santiagoelawad"]
[Black "LiangLiang"]
[Result "1-0"]
[WhiteElo "2052"]
[BlackElo "1944"]
[Opening "English: Mikenas-Carls, Flohr variation"]
[ECO "A18"]
[Time "17:00:36"]
[TimeControl "2700+45"]

1. c4 Nf6 2. Nc3 e6 3. e4 d5 4. e5 d4 5. exf6 dxc3 6. bxc3 Qxf6 7. Nf3 c5 8. d4
h6 9. Rb1 b6 10. Be2 Bb7 11. O-O Bd6 12. Be3 Nd7 13. Qa4 Be4 14. Rbd1 Qe7 15.
Ne5 Bxe5 16. dxe5 a6 17. Rd6 b5 18. cxb5 O-O 19. Qxe4 f5 20. Qb7 Rad8 21. Rfd1
Rf7 22. bxa6 Qe8 23. Bb5 {Black resigns} 1-0

[Event "Team 45 45 League T70"]
[Site "Internet Chess Club"]
[Date "2016.09.10"]
[Round "1"]
[White "laurenpar"]
[Black "primerpaso"]
[Result "0-1"]
[WhiteElo "1823"]
[BlackElo "1820"]
[Opening "English: symmetrical variation"]
[ECO "A16"]
[Time "21:32:58"]
[TimeControl "2700+45"]

1. c4 Nf6 2. Nc3 c5 3. g3 Nc6 4. Bg2 e6 5. Nf3 Be7 6. O-O O-O 7. d4 cxd4 8. Nxd4
Ne5 9. b3 a6 10. Bb2 Rb8 11. Ne4 d6 12. Qd2 Qc7 13. Rfd1 Nxe4 14. Bxe4 Bd7 15.
Rac1 Rfd8 16. Bb1 b6 17. Qc2 Ng6 18. e4 Rbc8 19. Qe2 Qb7 20. f3 b5 21. Bd3 Rb8
22. cxb5 axb5 23. Nc2 Qa7+ 24. Ne3 Ne5 25. Bb1 Rdc8 26. Kg2 Qb7 27. Nc2 Nc6 28.
Qd2 h6 29. h4 Rc7 30. Ne3 Rbc8 31. Ng4 Bf8 32. Ba1 Nd8 33. Rxc7 Qxc7 34. Qd4 h5
35. Nf6+ gxf6 36. Qxf6 e5 37. Qg5+ Bg7 38. f4 Bg4 39. Rf1 Ne6 {White resigns}
0-1

[Event "Team 45 45 League T70"]
[Site "Internet Chess Club"]
[Date "2016.09.13"]
[Round "1"]
[White "SlimeDog2"]
[Black "NashGames"]
[Result "0-1"]
[WhiteElo "2055"]
[BlackElo "2122"]
[Opening "Nimzo-Indian: 4.e3 c5, 5.Ne2 (Rubinstein, anti-Hübner system)"]
[ECO "E42"]
[Time "21:10:37"]
[TimeControl "2700+45"]

1. d4 Nf6 2. c4 e6 3. Nc3 Bb4 4. e3 c5 5. Ne2 cxd4 6. exd4 O-O 7. a3 Bxc3+ 8.
Nxc3 d5 9. cxd5 Nxd5 10. Bd3 Nc6 11. O-O Nce7 12. Qc2 h6 13. Qe2 Bd7 14. Rd1 Bc6
15. Bc2 Nf5 16. Qg4 Qf6 17. Nxd5 Bxd5 18. Bxf5 exf5 19. Qf4 Rae8 20. b4 Re4 21.
Qd2 Rfe8 22. Bb2 Qg6 23. g3 Qg4 {White resigns} 0-1

[Event "Team 45 45 League T70"]
[Site "Internet Chess Club"]
[Date "2016.09.11"]
[Round "1"]
[White "Agarnez"]
[Black "ArturitoGalacti"]
[Result "1-0"]
[WhiteElo "1955"]
[BlackElo "1882"]
[Opening "Queen's pawn"]
[ECO "A40"]
[Time "21:01:38"]
[TimeControl "2700+45"]

1. d4 e6 2. Nf3 f5 3. g3 Nf6 4. Bg2 d5 5. O-O Bd6 6. c4 c6 7. b3 Qe7 8. a4 O-O
9. Ba3 Bxa3 10. Nxa3 Nbd7 11. Nc2 b6 12. Nce1 Bb7 13. Nd3 a5 14. Rc1 Rfc8 15. e3
Ne4 16. Nfe5 Nxe5 17. Nxe5 c5 18. cxd5 Bxd5 19. Nc4 Rab8 20. dxc5 Rxc5 21. Qd4
Bxc4 22. Rxc4 Rd8 23. Qb2 Rxc4 24. bxc4 Nd2 25. Qxb6 Nxf1 26. Bxf1 Qb4 27. Qxd8+
{Black resigns} 1-0

[Event "Team 45 45 League T70"]
[Site "Internet Chess Club"]
[Date "2016.09.13"]
[Round "1"]
[White "ChessHouston"]
[Black "roji"]
[Result "1-0"]
[WhiteElo "1765"]
[BlackElo "1830"]
[Opening "Caro-Kann: Steinitz variation"]
[ECO "B17"]
[Time "21:00:18"]
[TimeControl "2700+45"]

1. e4 c6 2. d4 d5 3. Nc3 dxe4 4. Nxe4 Nd7 5. Nf3 Ngf6 6. Bd3 e6 7. c3 Nxe4 8.
Bxe4 Nf6 9. Bc2 Qc7 10. O-O c5 11. Re1 cxd4 12. Qxd4 Bc5 13. Qh4 h6 14. Bf4 Qb6
15. b4 Be7 16. Be3 Qc7 17. Bd4 Bd7 18. Ne5 Rd8 19. Qg3 O-O 20. Rad1 Bc8 21. Qe3
Bxb4 22. Nc6 Qxc6 23. Bxf6 Rxd1 24. Rxd1 Bc5 25. Qg3 Bxf2+ 26. Kxf2 g5 27. Bxg5
f5 28. Bf6+ Kf7 29. Qg7+ {Black resigns} 1-0

[Event "Team 45 45 League T70"]
[Site "Internet Chess Club"]
[Date "2016.09.11"]
[Round "1"]
[White "drbishop"]
[Black "cysk"]
[Result "1/2-1/2"]
[WhiteElo "1790"]
[BlackElo "1777"]
[Opening "Dutch"]
[ECO "A80"]
[Time "19:02:01"]
[TimeControl "2700+45"]

1. d4 f5 2. Nc3 Nf6 3. Bg5 d5 4. e3 e6 5. Nf3 Be7 6. Bd3 O-O 7. O-O Nbd7 8. Ne2
Ne4 9. Bxe7 Qxe7 10. c4 c6 11. cxd5 cxd5 12. Rc1 Ndf6 13. Ne5 Nd7 14. Nxd7 Bxd7
15. f3 Nf6 16. Qb3 Bc6 17. Bb5 Bxb5 18. Qxb5 Rfc8 19. Nf4 a6 20. Qb3 g5 21. Nd3
g4 22. Ne5 gxf3 23. gxf3 b5 24. Kh1 Kh8 25. Rg1 Rxc1 26. Rxc1 Rg8 {Game drawn by
mutual agreement} 1/2-1/2

[Event "Team 45 45 League T70"]
[Site "Internet Chess Club"]
[Date "2016.09.12"]
[Round "1"]
[White "Goli"]
[Black "Packerfan"]
[Result "1-0"]
[WhiteElo "1815"]
[BlackElo "1685"]
[Opening "Ruy Lopez: Schliemann defense"]
[ECO "C63"]
[Time "16:09:48"]
[TimeControl "2700+45"]

1. e4 e5 2. Nf3 Nc6 3. Bb5 f5 4. exf5 e4 5. Qe2 Qe7 6. Bxc6 dxc6 7. Nd4 Nf6 8.
O-O c5 9. Ne6 Bxe6 10. fxe6 O-O-O 11. Nc3 Qxe6 12. Re1 Re8 13. d3 Bd6 14. Nxe4
Nxe4 15. dxe4 Qe5 16. f4 Qd4+ 17. Kh1 Kb8 18. c3 Qf6 19. e5 Qh4 20. Be3 Bxe5 21.
fxe5 Rxe5 22. Qf2 Qe7 23. Bf4 Rxe1+ 24. Rxe1 Qd7 25. Qxc5 Rd8 26. h3 b6 27. Qe7
Qd5 28. Bxc7+ {Black resigns} 1-0

[Event "Team 45 45 League T70"]
[Site "Internet Chess Club"]
[Date "2016.09.09"]
[Round "1"]
[White "Lrn2Mate"]
[Black "Egmont"]
[Result "0-1"]
[WhiteElo "1662"]
[BlackElo "1722"]
[Opening "Queen's bishop game"]
[ECO "D00"]
[Time "06:30:44"]
[TimeControl "2700+45"]

1. d4 d5 2. Bf4 Nf6 3. Nf3 Nbd7 4. e3 c5 5. c3 Qb6 6. Qb3 c4 7. Qxb6 axb6 8.
Nbd2 e6 9. h3 Be7 10. g4 h6 11. Ne5 b5 12. Bg2 b4 13. O-O O-O 14. f3 Nxe5 15.
Bxe5 Bd7 16. e4 Bc6 17. Bxf6 Bxf6 18. f4 bxc3 19. bxc3 Be7 20. Rfb1 Ra3 21. exd5
exd5 22. Rc1 Bd6 23. Nb1 Ra5 24. f5 Rfa8 25. Rc2 Re8 26. Kf2 Bf4 27. Re2 Rxe2+
28. Kxe2 Bc1 29. Kd1 Bb2 30. Kc2 Bxa1 31. Nd2 Rxa2+ {White resigns} 0-1

[Event "Team 45 45 League T70"]
[Site "Internet Chess Club"]
[Date "2016.09.09"]
[Round "1"]
[White "julesraider"]
[Black "clarinetref"]
[Result "1/2-1/2"]
[WhiteElo "1613"]
[BlackElo "1574"]
[Opening "Modern defense"]
[ECO "A40"]
[Time "22:01:00"]
[TimeControl "2700+45"]

1. d4 g6 2. c4 c6 3. Nc3 Bg7 4. Nf3 d6 5. Bf4 Nd7 6. g3 e5 7. dxe5 dxe5 8. Bg5
Qc7 9. Bg2 h6 10. Be3 Ngf6 11. h3 Nb6 12. b3 Bf5 13. Nh4 Be6 14. Qc2 O-O-O 15.
a4 a5 16. O-O Rd7 17. Rad1 Rhd8 18. Rxd7 Rxd7 19. Rd1 Qd8 20. Rxd7 Nbxd7 21. Nf3
Ne8 22. g4 f5 23. gxf5 gxf5 24. c5 Qf6 25. Nb5 f4 26. Bd2 Bf5 27. Qc4 cxb5 28.
axb5 Qe6 29. c6 bxc6 30. bxc6 Nb6 31. Qa6+ Kc7 32. Qb7+ Kd6 33. Qxb6 e4 34.
Bxf4+ Ke7 35. Qc5+ Kf7 36. Nh4 Bxh3 37. Bxh3 Qxh3 38. Qf5+ Qxf5 39. Nxf5 Bf8 40.
c7 Nxc7 41. Bxc7 Ke6 42. Nd4+ Kd5 43. e3 Bb4 44. Kg2 h5 45. Kg3 Be1 46. Nc2 h4+
47. Kg2 h3+ 48. Kxh3 Bxf2 49. Bxa5 Kc5 50. Kg4 Kb5 51. b4 Kc4 52. Kf4 Kd3 53. b5
Kxc2 54. b6 Kd3 55. b7 Bxe3+ 56. Kg3 Ba7 57. Kg2 e3 58. Kf1 e2+ 59. Ke1 Bb8
{Game drawn by mutual agreement} 1/2-1/2

[Event "Team 45 45 League T70"]
[Site "Internet Chess Club"]
[Date "2016.09.07"]
[Round "1"]
[White "tryanything"]
[Black "AVEMARIA"]
[Result "1/2-1/2"]
[WhiteElo "1581"]
[BlackElo "1630"]
[Opening "Sicilian: modern Scheveningen"]
[ECO "B58"]
[Time "19:00:36"]
[TimeControl "2700+45"]

1. e4 c5 2. Nc3 Nc6 3. Nf3 d6 4. d4 cxd4 5. Nxd4 Nf6 6. Be2 e6 7. O-O Be7 8. Be3
Bd7 9. a3 O-O 10. Ndb5 Qb8 11. Nd4 Nxd4 12. Bxd4 Bc6 13. f3 Rd8 14. Bd3 e5 15.
Bf2 d5 16. Qe1 dxe4 17. Nxe4 Nxe4 18. Bxe4 Bxe4 19. Qxe4 Qc7 20. Rab1 Bc5 21. c3
b6 22. Rbd1 Rac8 23. Qe2 g6 24. g3 Bxf2+ 25. Kxf2 f6 26. Rxd8+ Rxd8 27. Rd1 Kf8
28. Rxd8+ Qxd8 29. h4 {Game drawn by mutual agreement} 1/2-1/2

[Event "Team 45 45 League T70"]
[Site "Internet Chess Club"]
[Date "2016.09.11"]
[Round "1"]
[White "fishhead"]
[Black "zepled37"]
[Result "1-0"]
[WhiteElo "1702"]
[BlackElo "1693"]
[Opening "Sicilian defense"]
[ECO "B40"]
[Time "17:09:35"]
[TimeControl "2700+45"]

1. e4 c5 2. Nf3 e6 3. g3 Nc6 4. Bg2 g6 5. O-O Bg7 6. c3 Nf6 7. Re1 O-O 8. d4
cxd4 9. cxd4 d6 10. Nc3 Bd7 11. Bf4 Ne8 12. Qd2 e5 13. Bg5 f6 14. Be3 Rc8 15. d5
Ne7 16. Bxa7 f5 17. Be3 Nf6 18. Ng5 h6 19. Ne6 Bxe6 20. dxe6 g5 21. exf5 Nxf5
22. Bxb7 Rb8 23. Bd5 Nxd5 24. Nxd5 Ne7 25. Rad1 Rb5 26. Nxe7+ Qxe7 27. Qxd6 Qxd6
28. Rxd6 Rxb2 29. Ra6 Re8 30. Rd1 Rb7 31. a4 Rbe7 32. Rdd6 Rb7 33. Kg2 Bf8 34.
Rdc6 Kg7 35. Kf3 Kf6 36. a5 Be7 37. Rab6 Rxb6 38. Bxb6 Ra8 39. Ke4 Kg6 40. Kxe5
{Black resigns} 1-0

[Event "Team 45 45 League T70"]
[Site "Internet Chess Club"]
[Date "2016.09.10"]
[Round "1"]
[White "justice02"]
[Black "kidcobra"]
[Result "1-0"]
[WhiteElo "1658"]
[BlackElo "1749"]
[Opening "English opening"]
[ECO "A05"]
[Time "15:21:43"]
[TimeControl "2700+45"]

1. Nf3 Nf6 2. c4 g6 3. g3 Bg7 4. Bg2 O-O 5. O-O d6 6. d4 c6 7. Nbd2 Nbd7 8. Re1
e5 9. e4 Ne8 10. d5 c5 11. Rb1 a5 12. a4 h6 13. Nf1 f5 14. exf5 gxf5 15. Nh4 Qf6
16. Qh5 Kh7 17. Nxf5 Nb6 18. g4 Bxf5 19. Qxf5+ Qxf5 20. gxf5 Nxc4 21. b3 Nb6 22.
Be4 Nf6 23. Ng3 Rad8 24. Bd2 Nxe4 25. Rxe4 Nxd5 26. Bxa5 b6 27. Rd1 Nf6 28. Bxb6
Nxe4 29. Nxe4 Rb8 30. a5 Rxf5 31. Rxd6 Bf8 32. Rc6 Rf4 33. Nf6+ Kh8 34. Nd7 Rb7
35. Nxe5 Rb4 36. Ng6+ Kg7 37. Nxf8 Kxf8 38. Bxc5+ Kf7 39. Bxb4 Rxb4 40. Rxh6
Rxb3 41. Rb6 Ra3 42. a6 Kg7 43. Rb7+ Kg6 44. a7 Kg5 45. Kg2 Kg4 46. Rg7+ Kh4 47.
h3 Kh5 48. f3 Kh4 49. f4 Kh5 50. f5 Kh6 51. f6 Ra6 52. Rb7 Kg6 53. f7 Ra2+ 54.
Kf3 Ra3+ 55. Ke4 Kg7 56. f8=Q+ Kxf8 57. Rb8+ Kg7 58. a8=Q Rxa8 59. Rxa8 Kh6 60.
Kf4 Kg6 61. h4 Kh6 62. Kf5 Kg7 63. Kg5 Kh7 64. h5 Kg7 65. h6+ Kh7 66. Ra7+ Kh8
67. Kg6 Kg8 68. Ra8# {Black checkmated} 1-0

[Event "Team 45 45 League T70"]
[Site "Internet Chess Club"]
[Date "2016.09.10"]
[Round "1"]
[White "Fianchettoed"]
[Black "Grenadier"]
[Result "1-0"]
[WhiteElo "1675"]
[BlackElo "1590"]
[Opening "Réti: King's Indian attack (Barcza system)"]
[ECO "A07"]
[Time "10:00:12"]
[TimeControl "2700+45"]

1. Nf3 d5 2. g3 Nf6 3. Bg2 Bf5 4. d3 Nbd7 5. Nh4 Bg6 6. Nxg6 hxg6 7. c4 e6 8.
Nd2 Bc5 9. O-O c6 10. cxd5 exd5 11. e4 Qb6 12. exd5 cxd5 13. Nb3 O-O 14. Nxc5
Qxc5 15. Bf4 Nh5 16. Rc1 Qb5 17. Bd6 Rfd8 18. Qd2 Rac8 19. Rc3 Ndf6 20. Rxc8
Rxc8 21. Bh3 Re8 22. Rc1 Qa6 23. Ba3 Nh7 24. Bg2 N5f6 25. h4 Nf8 26. Bxf8 Rxf8
27. a3 Re8 28. Rc5 Qd6 29. b4 b6 30. Rc2 Qe5 31. Qc3 d4 32. Qc6 Qe1+ 33. Bf1 Qa1
34. Rc1 Qxa3 35. Qc4 Nd5 36. Qc6 Re6 37. Qa8+ Kh7 38. Rc8 g5 39. Rh8+ Kg6 40.
h5+ Kf6 41. Qxd5 Qxb4 42. f4 gxf4 43. gxf4 Ke7 44. Qd8# {Black checkmated} 1-0

[Event "Team 45 45 League T70"]
[Site "Internet Chess Club"]
[Date "2016.09.09"]
[Round "1"]
[White "bmw2002"]
[Black "dabodhi"]
[Result "1-0"]
[WhiteElo "1475"]
[BlackElo "1349"]
[Opening "English, 1...Nf6 (Anglo-Indian defense)"]
[ECO "A15"]
[Time "21:08:21"]
[TimeControl "2700+45"]

1. c4 Nf6 2. g3 g6 3. Bg2 Bg7 4. Nc3 d6 5. Nf3 O-O 6. O-O Bg4 7. h3 Bd7 8. d3
Qc8 9. Kh2 c5 10. Nd2 Bc6 11. Nde4 Rd8 12. Nxf6+ Bxf6 13. Nd5 Bxd5 14. Bxd5 e6
15. Bg2 Nc6 16. a3 a5 17. Rb1 Qd7 18. Bd2 a4 19. e3 Ra7 20. Qf3 Bg7 21. Rfd1 Ne5
22. Qe2 Nc6 23. Bc3 Ne7 24. d4 b6 25. Rd3 Qc7 26. dxc5 bxc5 27. Be1 d5 28. cxd5
exd5 29. Rbd1 Qe5 30. R3d2 d4 31. Qc4 Nf5 32. Re2 Rad7 33. exd4 Qf6 34. Ba5 Rxd4
35. Rxd4 Rxd4 36. Qxc5 Bf8 37. Qc8 Nd6 38. Qc6 Kg7 39. Bc3 Nf5 40. Qxf6+ Kxf6
41. g4 Bd6+ 42. Kg1 Kg5 43. gxf5 Rd1+ 44. Re1 Rd5 45. Bxd5 {Black resigns} 1-0

[Event "Team 45 45 League T70"]
[Site "Internet Chess Club"]
[Date "2016.09.11"]
[Round "1"]
[White "Elalfer"]
[Black "GrandUnified"]
[Result "1-0"]
[WhiteElo "1657"]
[BlackElo "1427"]
[Opening "King's Indian: 5.Nf3"]
[ECO "E90"]
[Time "16:32:46"]
[TimeControl "2700+45"]

1. d4 Nf6 2. c4 g6 3. Nf3 Bg7 4. Nc3 d6 5. e4 O-O 6. Bd3 Nbd7 7. O-O c6 8. h3 a5
9. Be3 e5 10. Rb1 Qc7 11. b4 exd4 12. Nxd4 Re8 13. a3 Ne5 14. Be2 axb4 15. axb4
Be6 16. Nxe6 Rxe6 17. Qb3 Rae8 18. b5 Qe7 19. f4 Nxe4 20. Nxe4 Nd7 21. Bf3 f5
22. bxc6 bxc6 23. Qb7 h5 24. Qxc6 fxe4 25. Rb7 exf3 26. Rxd7 Qf6 27. Qd5 fxg2
28. Rd1 Qf5 29. Qxf5 gxf5 30. Bf2 Re4 31. R1xd6 Kh7 32. Bd4 Rg8 33. Rf7 Rxf4 34.
Rdd7 Rxd4 35. Rxd4 Kg6 36. Rdd7 Bd4+ 37. Kxg2 Be3 38. Kf3 f4 39. Rc7 Re8 40.
Rfe7 Rg8 41. c5 Kg5 42. Rg7+ Rxg7 43. Rxg7+ Kh4 44. c6 Bb6 45. Kg2 f3+ 46. Kh2
f2 47. Rf7 Kg5 48. Rxf2 Bxf2 49. c7 h4 50. c8=Q Bg3+ 51. Kg2 Kf4 52. Qg4+ Ke3
53. Qf3+ Kd4 54. Kf1 {Black resigns} 1-0

[Event "Team 45 45 League T70"]
[Site "Internet Chess Club"]
[Date "2016.09.13"]
[Round "1"]
[White "bradleyguo175"]
[Black "cayo89"]
[Result "1/2-1/2"]
[WhiteElo "1593"]
[BlackElo "1743"]
[Opening "Budapest: Rubinstein variation"]
[ECO "A52"]
[Time "19:06:19"]
[TimeControl "2700+45"]

1. d4 Nf6 2. c4 e5 3. dxe5 Ng4 4. Bf4 Nc6 5. Nf3 Bb4+ 6. Nbd2 Qe7 7. e3 Ngxe5 8.
Nxe5 Nxe5 9. Be2 d6 10. O-O Bd7 11. a3 Bxd2 12. Qxd2 Bc6 13. b4 O-O 14. b5 Bd7
15. c5 Bf5 16. Qd5 Rab8 17. cxd6 cxd6 18. Rfd1 Rfd8 19. Rac1 Rbc8 20. Rxc8 Rxc8
21. Qxd6 Qxd6 22. Rxd6 Ng6 23. Bg3 h6 24. h3 Rc1+ 25. Kh2 Ra1 26. Rd8+ Kh7 27.
Bd6 Ra2 28. Bc4 Rxf2 29. Bxf7 Nh8 30. Bg8+ Kg6 31. Bd5 Nf7 32. Bxf7+ Kxf7 33.
Rf8+ Ke6 34. Bc5 Rc2 35. Bxa7 Be4 36. Re8+ Kf5 37. Rf8+ Kg6 38. Rf4 Rxg2+ 39.
Kh1 Rg4+ 40. Kh2 Rg2+ 41. Kh1 Rg4+ 42. Kh2 Rxf4 43. exf4 Kf5 44. Kg3 Bd3 45. a4
h5 46. Bd4 g6 47. Be5 Bf1 {Game drawn by mutual agreement} 1/2-1/2

[Event "Team 45 45 League T70"]
[Site "Internet Chess Club"]
[Date "2016.09.18"]
[Round "1"]
[White "krysto"]
[Black "anishio"]
[Result "1-0"]
[WhiteElo "1621"]
[BlackElo "1669"]
[Opening "Grünfeld: exchange, Spassky variation"]
[ECO "D87"]
[Time "22:09:36"]
[TimeControl "2700+45"]

1. d4 Nf6 2. c4 g6 3. Nc3 d5 4. cxd5 Nxd5 5. e4 Nxc3 6. bxc3 Bg7 7. Bc4 c5 8.
Ne2 O-O 9. O-O Nc6 10. Bb2 Qc7 11. Qc2 Rd8 12. Rfd1 b6 13. Bd5 Bb7 14. Bxc6 Qxc6
15. d5 Qc7 16. c4 Bxb2 17. Qxb2 f6 18. g3 g5 19. Qd2 Kf7 20. f4 h6 21. fxg5 hxg5
22. a4 Rh8 23. a5 Qd6 24. axb6 axb6 25. Rab1 Ra4 26. Qc2 Ba6 27. Qxa4 {Black
resigns} 1-0

[Event "Team 45 45 League T70"]
[Site "Internet Chess Club"]
[Date "2016.09.11"]
[Round "1"]
[White "zorori"]
[Black "scostanzo212"]
[Result "1-0"]
[WhiteElo "1665"]
[BlackElo "1517"]
[Opening "Sicilian: Scheveningen variation"]
[ECO "B80"]
[Time "17:04:52"]
[TimeControl "2700+45"]

1. e4 c5 2. Nf3 d6 3. d4 cxd4 4. Nxd4 Nf6 5. Nc3 e6 6. Be3 a6 7. f3 b5 8. Be2
Bb7 9. Qd2 Nbd7 10. O-O Nb6 11. Rad1 Be7 12. a3 O-O 13. b3 Rc8 14. Bd3 Qc7 15.
Na2 d5 16. exd5 Nbxd5 17. Bf2 Nc3 18. Bg3 Qc5 19. Qxc3 Qxc3 20. Nxc3 Rxc3 21.
Ra1 Bc5 22. Bf2 Rd8 23. Ne2 Bxf2+ 24. Rxf2 Rc7 25. Rd1 Rcd7 26. Ng3 h5 27. h4
Rd4 28. Rfd2 g6 29. Ne2 R4d7 30. Kf2 e5 31. Ke3 Nd5+ 32. Kf2 Ne7 33. Ng3 f5 34.
Ke1 Rd4 35. c3 Rxh4 36. Bc4+ bxc4 37. Rxd8+ Kf7 38. bxc4 Rxc4 39. R8d7 Bc6 40.
Ra7 Bb5 41. Ne2 Ke6 42. Rb1 Nd5 43. Kd2 Kf6 44. Ra1 Ke6 45. a4 Rxa4 46. Rxa4
Bxa4 47. Rxa6+ {Black resigns} 1-0